Map: Acropolis LE

Players

Mez - Winner!

  • Race: Terran Terran
  • League: Master
  • Spawn Location: 5:00

koksik

  • Race: Terran Terran
  • League: Master
  • Spawn Location: 11:00

VOD

Have the link to the VOD?

Description

Time

  • Played on: Sept. 4, 2019, 2:31 a.m.
  • Length: 21:20
Show
View Real Time Build Order
Export as new Build Order

Mez Terran - Winner!

Build Orders: Gas First Reaper Expand 

Get SALT Encoding   

  12  0:00  SCV  
  13  0:13  SCV  
  14  0:17  Supply Depot  
  14  0:25  SCV  
  15  0:31  Refinery  
  15  0:39  SCV  
  16  0:44  Barracks  
  16  0:51  SCV  
  17  1:03  SCV  
  18  1:16  SCV  
  19  1:33  Reaper  
  19  1:34  Orbital Command  
  20  1:53  Command Center  
  20  2:03  SCV  
  20  2:04  Factory  
  21  2:08  Barracks Reactor  
  21  2:15  SCV  
  21  2:17  Supply Depot  
  21  2:22  Refinery  
  22  2:27  SCV  
  23  2:40  SCV  
  23  2:49  Starport  
  23  2:52  SCV  
  23  2:54  Hellion x2  
  23  2:56  Barracks Tech Lab  
  29  3:07  Orbital Command  
  28  3:14  Marauder  
  28  3:18  Hellion  
  28  3:19  Hellion  
  34  3:23  Concussive Shells  
  33  3:28  Medivac  
  35  3:37  Marauder  
  35  3:39  Hellion  
  39  3:43  SCV  
  40  3:49  Supply Depot  
  40  3:59  Starport Tech Lab  
  40  4:06  SCV x2  
  42  4:21  Marine x2, Cyclone  
  42  4:23  SCV x2  
  49  4:26  Refinery  
  49  4:28  Supply Depot  
  41  4:39  Marine  
  40  4:48  SCV x2  
  40  4:49  Raven  
  38  4:58  Command Center  
  38  5:00  SCV x2  
  38  5:01  Marine  
  38  5:02  Marine  
  42  5:12  Siege Tank, SCV x2  
  47  5:22  Marine x2  
  47  5:24  SCV x2  
  51  5:32  Supply Depot  
  53  5:36  SCV x2  
  55  5:48  Siege Tank, SCV  
  57  5:50  Barracks  
  57  5:51  SCV  
  57  5:52  Starport Reactor  
  57  5:53  Barracks  
  57  5:54  Stimpack  
  57  5:55  Marine  
  59  5:57  Supply Depot  
  59  6:00  SCV  
  60  6:04  SCV  
  61  6:11  Orbital Command, Engineering Bay  
  61  6:12  SCV  
  61  6:13  Engineering Bay  
  61  6:15  Refinery  
  61  6:16  Marine  
  63  6:23  Supply Depot  
  63  6:24  SCV x2  
  65  6:26  Siege Tank  
  63  6:40  Starport Reactor  
  63  6:42  Marine x3  
  63  6:44  SCV x2  
  63  6:46  Terran Infantry Weapons Level 1  
  63  6:47  Terran Infantry Armor Level 1  
  68  6:51  Orbital Command  
  68  7:00  Marine x2  
  70  7:03  Siege Tank  
  70  7:05  Marine x3  
  70  7:07  SCV x2  
  78  7:13  Barracks  
  78  7:16  Barracks  
  78  7:18  Marine x2, SCV  
  78  7:19  SCV  
  78  7:21  Medivac  
  84  7:23  Marine x2  
  84  7:26  Medivac  
  84  7:27  SCV  
  89  7:30  SCV  
  89  7:32  SCV  
  91  7:38  Supply Depot  
  91  7:39  SCV  
  91  7:40  Siege Tank  
  91  7:42  SCV  
  96  7:50  SCV  
  98  7:51  SCV  
  98  7:55  SCV  
  98  7:56  Marine x3  
  101  8:00  Marine x2, Medivac x2  
  101  8:02  SCV, Combat Shield  
  108  8:11  Barracks Reactor x2  
  107  8:14  SCV x2  
  107  8:15  Armory  
  107  8:16  Supply Depot  
  107  8:17  Supply Depot  
  107  8:18  Marine  
  101  8:44  Marine x5  
  101  8:47  Marine  
  101  8:48  Marine x3  
  97  8:49  Siege Tank, Medivac x2  
  97  8:50  SCV x3  
  97  8:54  Refinery  
  97  8:55  Refinery  
  107  8:56  Command Center  
  107  9:01  Marine x2  
  107  9:02  Marine x2, SCV  
  112  9:04  Terran Infantry Armor Level 2, Supply Depot, Terran Infantry Weapons Level 2  
  112  9:05  Supply Depot  
  112  9:06  Terran Vehicle Weapons Level 1  
  107  9:17  Marine x5  
  107  9:19  Marine  
  107  9:24  Marine x3  
  114  9:25  SCV  
  114  9:26  SCV x2  
  117  9:35  Marine  
  117  9:36  Marauder  
  117  9:38  SCV  
  96  9:46  Marine x7  
  96  9:47  Siege Tank  
  102  9:54  Medivac x2  
  102  9:57  Marauder  
  108  10:02  Marine  
  108  10:04  Marine x5, Supply Depot  
  108  10:06  Supply Depot  
  114  10:09  Marine x2  
  116  10:19  Marauder  
  118  10:23  Marine  
  118  10:24  Marine x5  
  118  10:26  Factory  
  118  10:27  Marine  
  125  10:29  Supply Depot  
  121  10:45  Marine x9  
  121  10:46  Siege Tank  
  121  10:48  Planetary Fortress  
  131  10:53  Barracks  
  131  10:54  Barracks  
  131  10:57  Barracks  
  131  10:58  Missile Turret  
  131  11:02  Missile Turret  
  131  11:04  Marine x7, Missile Turret  
  131  11:05  Marine, Missile Turret  
  131  11:08  Medivac  
  141  11:11  Supply Depot  
  141  11:12  Factory Tech Lab  
  141  11:28  Marine x9  
  97  11:45  Marine x2  
  97  11:46  Marine x7  
  100  11:51  Medivac  
  100  11:52  Medivac  
  104  11:56  Siege Tank x2  
  104  11:59  Barracks Reactor x2  
  110  12:01  SCV  
  110  12:02  SCV  
  110  12:03  Marine x4  
  116  12:15  Sensor Tower  
  116  12:18  Sensor Tower  
  116  12:22  Marine x6  
  122  12:29  Marine, Siege Tank x2  
  129  12:30  Barracks Reactor  
  129  12:31  Refinery  
  133  12:45  Viking  
  133  12:46  Viking  
  133  13:00  Marine x10  
  133  13:02  Siege Tank x2  
  149  13:08  Terran Infantry Armor Level 3, Terran Infantry Weapons Level 3  
  149  13:09  Starport  
  149  13:10  Starport  
  140  13:24  Viking  
  140  13:25  Marine x7, Viking  
  146  13:53  Marine x7  
  146  13:54  Marine x8  
  158  13:59  Siege Tank x2  
  158  14:01  Starport Reactor, Starport Tech Lab  
  164  14:07  Fusion Core  
  164  14:17  Marine x9  
  166  14:32  Siege Tank  
  166  14:33  Siege Tank  
  145  14:39  Liberator x2  
  137  14:54  Liberator x3  
  142  15:05  Siege Tank, Cyclone  
  138  15:29  Marine x6  
  138  15:30  Marine x5  
  145  15:37  Siege Tank, Cyclone  
  141  15:53  Advanced Ballistics  
  141  15:59  Command Center  
  141  16:04  Viking x3  
  140  16:08  Medivac  
  142  16:27  Marine x3, Viking  
  146  16:34  Viking x2  
  150  16:46  Viking x2  
  151  16:56  Marine x8  
  151  16:57  Viking  
  151  17:00  Marine  
  151  17:01  Marine x2  
  161  17:15  Siege Tank x2  
  167  17:16  Marine x3  
  142  17:42  Marine x15  
  157  17:46  Liberator x4  
  148  18:20  Marine  
  148  18:21  Marine x5  
  146  19:05  Marine, Viking x2  
  146  19:06  Marine x2  
  146  19:07  Marine x4  
  146  19:08  Marine x4  
  161  19:21  Command Center  
  161  19:32  Marine, Siege Tank x2  
  166  19:57  Marine x11  
  130  20:04  Siege Tank x2  
  130  20:19  Marine x9  
  139  20:33  Marine x2  
  141  20:36  Siege Tank  
  144  20:49  Marine  
Show
View Real Time Build Order
Export as new Build Order

koksik Terran 

Build Orders: Gas First Reaper Expand 

Get SALT Encoding   

  12  0:02  SCV  
  14  0:14  SCV  
  14  0:18  Supply Depot  
  14  0:26  SCV  
  15  0:28  Refinery  
  15  0:40  SCV  
  16  0:46  Barracks  
  16  0:52  SCV  
  17  1:04  SCV  
  18  1:18  SCV  
  19  1:34  Orbital Command, Reaper  
  20  1:48  Command Center  
  20  2:01  Bunker, SCV  
  20  2:06  Reaper  
  22  2:13  Supply Depot  
  22  2:16  SCV  
  23  2:24  Factory  
  23  2:30  Refinery  
  23  2:33  SCV  
  22  2:46  SCV  
  22  2:48  Barracks Tech Lab  
  23  2:58  SCV  
  24  3:10  SCV  
  25  3:15  Cyclone, Refinery  
  25  3:16  Barracks Reactor  
  28  3:22  SCV  
  29  3:34  SCV  
  29  3:38  Orbital Command  
  28  3:46  SCV  
  28  3:47  Starport  
  29  3:51  Siege Tank  
  29  3:54  Marine x2  
  34  3:58  SCV  
  35  4:05  SCV  
  35  4:06  Supply Depot  
  35  4:08  Refinery  
  36  4:10  SCV  
  36  4:13  Marine x2  
  39  4:21  SCV  
  40  4:27  SCV  
  40  4:31  Factory Tech Lab  
  41  4:33  SCV  
  39  4:43  SCV  
  40  4:49  SCV  
  39  4:53  Raven  
  39  4:54  Siege Tank  
  39  4:56  SCV  
  45  5:01  SCV  
  46  5:08  SCV  
  46  5:14  SCV  
  48  5:15  Marine x2  
  50  5:23  Supply Depot  
  50  5:26  Command Center  
  50  5:27  Siege Tank  
  53  5:31  SCV  
  54  5:37  Supply Depot  
  54  5:44  Raven  
  54  5:45  SCV  
  54  5:46  Supply Depot  
  54  5:47  SCV  
  58  5:51  Engineering Bay  
  58  5:53  Marine x2  
  58  5:54  Engineering Bay  
  60  5:57  SCV  
  60  6:01  SCV  
  60  6:02  Siege Tank  
  65  6:09  SCV  
  66  6:14  SCV  
  67  6:19  Terran Infantry Weapons Level 1  
  67  6:20  Terran Infantry Armor Level 1  
  67  6:21  SCV  
  68  6:38  SCV  
  68  6:41  SCV  
  69  6:50  SCV  
  69  6:52  Barracks, Orbital Command  
  69  6:53  Barracks  
  70  6:54  Sensor Tower  
  70  6:55  Viking x2  
  70  6:56  Stimpack  
  70  6:57  Siege Tank  
  70  6:59  SCV  
  78  7:09  SCV, Missile Turret  
  78  7:11  Missile Turret  
  78  7:12  Marine  
  78  7:13  SCV  
  81  7:19  SCV  
  81  7:21  SCV  
  83  7:25  SCV  
  83  7:26  Armory  
  83  7:28  Viking x2  
  88  7:31  Supply Depot  
  88  7:32  Supply Depot  
  88  7:33  SCV  
  88  7:34  Siege Tank  
  92  7:43  Missile Turret  
  92  7:44  SCV, Missile Turret  
  92  7:46  Barracks Reactor  
  92  7:47  Barracks Reactor  
  93  7:51  Supply Depot  
  93  7:52  Supply Depot  
  90  8:02  Viking x2  
  94  8:10  SCV  
  94  8:11  SCV x2  
  97  8:30  SCV  
  97  8:33  Marine, SCV x2  
  101  8:34  Terran Infantry Armor Level 2, Terran Infantry Weapons Level 2  
  101  8:36  Combat Shield  
  99  8:46  SCV x2  
  80  8:49  Marine x4  
  80  8:50  Siege Tank  
  80  8:51  Marine  
  80  8:52  Viking  
  80  8:53  SCV  
  85  8:58  SCV x2, Refinery  
  85  8:59  Refinery  
  87  9:04  Barracks x2  
  87  9:05  Barracks, SCV  
  87  9:07  Marine x2  
  87  9:08  Marine  
  87  9:09  Command Center  
  91  9:10  SCV  
  91  9:12  SCV  
  91  9:14  Marine  
  90  9:18  Supply Depot  
  90  9:19  Marine  
  90  9:23  Terran Vehicle Weapons Level 1  
  91  9:25  Marine  
  86  9:44  Marine x2  
  83  9:46  Marine x3  
  83  9:47  Siege Tank, Viking x2  
  83  9:49  SCV  
  83  9:52  Barracks Reactor x2  
  92  9:53  Barracks Reactor  
  92  9:58  Supply Depot  
  90  10:02  Marine x2  
  90  10:03  Marine  
  90  10:04  Marine, Refinery x2, Missile Turret  
  90  10:06  Marine  
  95  10:14  Factory  
  95  10:16  Starport  
  95  10:17  SCV x2  
  95  10:20  Marine x2  
  99  10:21  Marine x2, Planetary Fortress  
  99  10:23  Siege Tank  
  99  10:24  Marine  
  99  10:25  Medivac  
  107  10:31  Marine  
  107  10:32  Marine x5  
  113  10:38  Marine x2  
  113  10:39  Marine x2  
  113  10:42  Marine  
  117  10:47  SCV x2  
  117  10:49  Marine x3  
  119  10:50  Marine x3  
  119  10:55  Starport Reactor  
  124  10:59  Factory Tech Lab  
  124  11:01  Command Center  
  124  11:02  Marine x5  
  129  11:07  Marine  
  129  11:08  Marine  
  129  11:09  Marine x3  
  129  11:10  Command Center  
  129  11:11  Siege Tank  
  137  11:12  Terran Infantry Armor Level 3, Terran Infantry Weapons Level 3  
  137  11:19  Marine, Liberator  
  137  11:20  Marine x2  
  137  11:21  Siege Tank  
  139  11:29  Marine x3  
  139  11:30  Marine x5  
  110  11:34  Viking  
  110  11:38  Liberator  
  112  11:45  Marine x3  
  115  11:47  Marine x2, Siege Tank  
  120  11:55  Siege Tank  
  120  11:56  SCV  
  120  11:57  Marine x2, SCV  
  130  12:05  Marine x2  
  132  12:11  Marine x4  
  136  12:18  Marine  
  136  12:22  Siege Tank, Refinery  
  138  12:24  Marine x4, Sensor Tower  
  138  12:26  Refinery  
  132  12:30  Siege Tank  
  132  12:34  Planetary Fortress  
  135  12:57  Marine x4  
  135  12:58  Marine x6  
  142  12:59  Siege Tank  
  142  13:00  Viking x2  
  149  13:08  Liberator x2  
  149  13:09  Marine  
  147  13:14  Siege Tank  
  147  13:15  Marine x6  
  153  13:21  Marine x2  
  153  13:22  Marine  
  159  13:31  SCV x3  
  159  13:33  Planetary Fortress  
  159  13:37  Command Center  
  159  13:39  Command Center  
  159  13:40  Liberator x2  
  155  13:45  Marine x5  
  155  13:46  Marine x4  
  155  13:47  Marine  
  165  13:51  Liberator  
  165  13:53  Liberator  
  162  13:56  Siege Tank x2  
  177  14:14  Marine x2  
  177  14:15  Marine x4  
  186  14:19  Marine  
  170  14:34  Marine  
  170  14:35  Marine x5  
  170  14:36  Marine x4  
  170  14:37  Marine, Siege Tank x2  
  162  14:52  Marine x2  
  134  14:53  Marine x6  
  134  14:54  Marine x2  
  137  15:02  Marine  
  137  15:04  Viking x3  
  137  15:05  Viking  
  134  15:10  Marine x3  
  134  15:11  Marine x2  
  134  15:12  Marine x2  
  131  15:14  Marine x3  
  127  15:25  Marine  
  127  15:27  Siege Tank x2  
  127  15:28  Marine x2  
  131  15:34  Viking x2  
  131  15:35  Marine x2  
  122  15:36  Marine x6  
  130  15:47  Armory  
  130  15:48  Terran Ship Weapons Level 1, Armory  
  130  15:53  Orbital Command  
  130  15:54  Orbital Command  
  130  16:02  Siege Tank x2  
  130  16:03  Viking  
  135  16:15  Command Center, Viking x2  
  135  16:16  Marine  
  135  16:17  Marine x2  
  142  16:21  Liberator x2  
  136  16:33  Marine x3  
  136  16:34  Marine x4  
  149  16:45  Marine x3  
  149  16:46  Siege Tank x2  
  148  16:51  Refinery  
  148  16:52  Refinery  
  143  16:59  Missile Turret  
  143  17:01  Missile Turret  
  141  17:02  Missile Turret  
  141  17:03  Missile Turret x2  
  135  17:13  Terran Vehicle Weapons Level 2  
  135  17:14  Terran Vehicle And Ship Armor Level 1  
  102  17:31  Marine  
  102  17:32  Marine x5  
  102  17:33  Marine x5  
  102  17:36  SCV x3  
  99  17:49  Marine  
  90  17:56  Marine  
  74  18:12  Marine x3  
  75  18:22  Marine x3  
  75  18:26  Marine  
  75  18:27  Marine x4  
  76  18:30  Marine  
  76  18:32  SCV x4  
  76  18:33  SCV  
  86  18:35  Marine x2  
  86  18:49  Marine x6  
  86  18:50  Marine x2  
  86  18:51  Siege Tank  
  97  19:00  Marine x3  
  99  19:03  SCV  
  99  19:04  SCV x3  
  99  19:06  Marine, SCV  
  99  19:07  Marine, SCV x2  
  99  19:08  Missile Turret  
  99  19:09  Missile Turret  
  105  19:10  Marine x2  
  105  19:11  Marine, Missile Turret  
  105  19:16  SCV x4  
  112  19:19  SCV x2  
  114  19:24  Siege Tank  
  114  19:27  Siege Tank  
  116  19:39  Marine x2  
  116  19:40  Marine x5  
  116  19:41  Marine x2  
  107  19:57  Marine  
  107  19:58  Marine x2  
  107  19:59  Marine  
  49  20:00  Marine x5  
  49  20:01  Marine  
  49  20:04  Marine  
  43  20:08  Viking  
  45  20:15  Marine  
  45  20:16  Marine  
  45  20:17  Marine  
  46  20:23  Siege Tank  
  39  20:30  Orbital Command  
  39  20:35  Marine  
  29  20:44  Marine  
  29  20:45  Marine x2  
Tags
 
Add a new tag
Caveats
  • Supply blocks, unpowered buildings, or Contaminate may cause inaccurate times.
  • Supply counts are checked every 10 seconds.